 Dungeon Crawl Stone Soup version 0.19-a0-644-gd04d753 (webtiles) character file.

70 epen the Sneak (level 4, -6/21 HPs)
             Began as a Spriggan Enchanter on June 13, 2016.
             Mangled by Crazy Yiuf
             ... wielding a +4 quarterstaff of chaos
              (20 damage)
             ... on level 2 of the Dungeon on June 14, 2016.
             The game lasted 00:04:26 (1666 turns).

epen the Sneak (Spriggan Enchanter)                 Turns: 1666, Time: 00:04:27

Health: -6/21      AC:  3    Str:  4    XL:     4   Next: 4%
Magic:  1/9        EV: 19    Int: 16    God:
Gold:   49         SH:  0    Dex: 17    Spells: 3 memorised, 2 levels left

rFire  . . .     SeeInvis +     j - +1 short sword (freeze)
rCold  + . .     Gourm    +     b - +1 robe
rNeg   . . .     Faith    .     (shield restricted)
rPois  .         Spirit   .     (helmet restricted)
rElec  .         Dismiss  .     (no cloak)
rCorr  .         Reflect  .     (gloves unavailable)
SustAt .         Harm     .     (boots unavailable)
MR     .....                    o - amulet of the gourmand
Stlth  +++.......               q - ring of see invisible
                                k - ring of protection from cold

@: very slightly contaminated, very quick, not resistant to hostile
enchantments, fairly stealthy
A: unfitting armour, see invisible, herbivore 3, speed 3, slow metabolism 2
a: no special abilities


You were on level 2 of the Dungeon.
You were not hungry.

You visited 1 branch of the dungeon, and saw 2 of its levels.

You collected 49 gold pieces.

Inventory:

Hand Weapons
 a - a +1 dagger
 j - a +1 short sword of freezing (weapon)
Armour
 b - a +1 robe (worn)
 e - a troll hide
Jewellery
 k - a ring of protection from cold (left hand)
 o - an amulet of the gourmand (around neck)
 q - a ring of see invisible (right hand)
Scrolls
 g - 2 scrolls of enchant weapon {unknown}
 i - a scroll of identify {unknown}
 m - a scroll of noise {unknown}
Potions
 f - 2 potions of flight {unknown}
 h - 6 potions of curing
 l - a potion of resistance {unknown}
 n - a potion of ambrosia {unknown}
 p - a potion of mutation {unknown}
Books
 c - a book of Maledictions

   Spells                             Type                      Level
   a - Corona                         Hexes                        1
   b - Ensorcelled Hibernation        Hexes/Ice                    2
   c - Confuse                        Hexes                        3
   d - Tukima's Dance                 Hexes                        3
   e - Dazzling Spray                 Conjuration/Hexes            3
Comestibles
 d - a bread ration


   Skills:
 + Level 0.5 Fighting
 + Level 1.9 Short Blades
 + Level 3.6 Dodging
 + Level 5.2 Stealth
 + Level 2.9 Spellcasting
 * Level 4.5 Hexes


You had 2 spell levels left.
You knew the following spells:

 Your Spells              Type           Power        Failure   Level  Hunger
a - Corona                Hex            ###....      3%          1    #......
b - Ensorcelled Hibernat  Hex/Ice        #.....       12%         2    ##.....
c - Confuse               Hex            ###.....     12%         3    ###....


Dungeon Overview and Level Annotations

Branches:
Dungeon (2/15)

Altars:
Qazlal

Annotations:
D:2 Crazy Yiuf


Innate Abilities, Weirdness & Mutations

You are tiny and cannot use many weapons and most armour.
You have supernaturally acute eyesight. (SInv)
You are a herbivore.
You cover ground extremely quickly.
You need consume almost no food.


Message History

Crazy Yiuf cries, "Citrus horse wrapper!"
Crazy Yiuf cries, "Mountain hand illywillydillykilly!"
Crazy Yiuf yells, "Scoff return to song mobile!"
You start resting.
Casting: Confuse
Confirm with . or Enter, or press ? or * to list all spells.
Aiming: Confuse
Press: ? - help, Shift-Dir - straight line, f/p - Crazy Yiuf
Aim: Crazy Yiuf, wielding a quarterstaff of chaos and wearing an embroidered cloak (lightly wounded, chance to defeat MR: 55%)
You miscast Confuse.
You are very lightly contaminated with residual magic.
Multicoloured lights dance before your eyes!
Crazy Yiuf whimpers, "Orb!"
Crazy Yiuf screams, "Sif Muna!
Powder pizzabubble koolooloo."
You hit Crazy Yiuf. You freeze Crazy Yiuf.
Crazy Yiuf is lightly wounded.
Crazy Yiuf hits you with a quarterstaff of chaos.
You are electrocuted!
Ouch! That really hurt!
You die...

### ### ###.### #.#######
#.....########### #........
####..........÷..# #.###.###
.....#.#########.# ######.###.##
##.#..........##.# #...........##
.#.#††..#####.##@# #.####.###.#..
.#.#....##.....#g# #.# #.###.#.#
.#.#....##.##..#.# #.# #........
.#%#....##.##..#.###.########.#..
.#.#....##.##..#..........# #.##.
...#....##.##..#.###.####.# #....
.###....##.##..#.###.####>######.
...#.#'###.##..#...#.............
#..#.#.....##....#.######.######.


You could see Crazy Yiuf.

Vanquished Creatures
  2 adders (D:2)
  An ooze (D:1)
  A worm (D:2)
  A giant gecko (D:1)
  A giant cockroach (D:1)
  4 goblins
  6 hobgoblins (D:1)
  5 jackals
  A quokka (D:2)
  A ball python (D:1)
  7 bats
  A giant newt (D:2)
  6 kobolds
  5 rats
42 creatures vanquished.

Notes
Turn   | Place    | Note
--------------------------------------------------------------
     0 | D:1      | epen the Spriggan Enchanter began the quest for the Orb.
     0 | D:1      | Reached XP level 1. HP: 9/9 MP: 5/5
     0 | D:1      | Upgraded the game from 0.19-a0-628-g9200b3b to 0.19-a0-644-gd04d753
   326 | D:1      | Reached XP level 2. HP: 11/13 MP: 6/6
   374 | D:1      | Learned a level 2 spell: Ensorcelled Hibernation
   493 | D:1      | Reached skill level 5 in Stealth
   780 | D:1      | Reached XP level 3. HP: 15/16 MP: 8/8
   785 | D:1      | Learned a level 3 spell: Confuse
  1064 | D:2      | Found a stormy altar of Qazlal.
  1465 | D:2      | Reached XP level 4. HP: 21/21 MP: 5/9
  1536 | D:2      | Noticed Crazy Yiuf
  1666 | D:2      | Mangled by Crazy Yiuf

Vault maps used:
D:1:      lightli_arrival_chessboard, kennysheep_nondescript,
          minmay_strange_pillars
D:2:      grunt_qazlal_sundering, uniq_crazy_yiuf_cottage

Skill      XL: |  1  2 |
---------------+-------+-----
Hexes          | 4 |  4.5
Stealth        | 5 |  5.2
Fighting       | |  0.5
Short Blades   | |  1.9
Dodging        | |  3.6
Spellcasting   | |  2.9

Action                   |  1- 3 |  4- 6 || total
-------------------------+-------+-------++-------
Melee: Short sword       |   121 |     7 ||   128
       Dagger            |     3 |       ||     3
 Cast: Confuse           |     5 |     4 ||     9
 Stab: Sleeping          |    11 |     1 ||    12
       Confused          |     3 |       ||     3
Armor: Robe              |    16 |     2 ||    18
Dodge: Dodged            |    87 |     6 ||    93
